 Dungeon Crawl Stone Soup version bcrawl-1.27.8b (webtiles) character file.

Game seed: 12997692489763348984

129453 LostNumber the Sneak (level 4, -1/26 HPs)
             Began as a Vine Stalker Archaeologist on Nov 12, 2020.
             Killed by nerve-wracking pain
             ... invoked by an orc priest
              (14 damage)
             ... on level 3 of the Dungeon.
             The game lasted 00:02:38 (1743 turns).

LostNumber the Sneak (Vine Stalker Archaeologist)   Turns: 1743, Time: 00:02:38

Health: -1/26      AC:  6    Str: 15    XL:     4   Next: 36%
Magic:  5/5        EV: 13    Int: 14    God:
Gold:   129        SH:  0    Dex: 12    Spells: 3/3 levels left

rFire    . . .     SeeInvis .   s - +0 dagger (curse)
rCold    . . .     Gourm    .   (no shield)
rNeg     . . .     Faith    .   b - +1 robe
rPois    .         Spirit   .   c - +1 hat
rElec    .         Reflect  .   (no cloak)
rCorr    .         Harm     .   (no gloves)
MR       .....                  d - +1 pair of boots
Stlth    +++.......             (no amulet)
HPRegen  0.48/turn              (no ring)
MPRegen  0.09/turn              (no ring)

@: no status effects
A: fangs 2, regeneration 1, no potion heal 3, rot immunity, strong jaws
a: no special abilities


You were on level 3 of the Dungeon.
You were not hungry.

You visited 1 branch of the dungeon, and saw 3 of its levels.

You collected 129 gold pieces.

Inventory:

Hand Weapons
 a - a +0 whip
 j - a +0 dagger
   (You took it off a goblin on level 1 of the Dungeon)
 s - a cursed +0 dagger (weapon)
   (You found it on level 3 of the Dungeon)
Armour
 b - a +1 robe (worn)
 c - a +1 hat (worn)
 d - a +1 pair of boots (worn)
Wands
 n - a wand of random effects (7)
   (You found it on level 2 of the Dungeon)
Scrolls
 g - a scroll of magic mapping
 k - 2 scrolls of remove curse {unknown}
 l - 3 scrolls of teleportation {unknown}
 m - 3 scrolls of enchant weapon {unknown}
 p - a scroll of immolation {unknown}
 r - 2 scrolls of identify {@r1}
Potions
 h - 2 potions of might {unknown}
 i - a potion of invisibility {unknown}
 o - a potion of mutation {unknown}
 t - a potion of haste {unknown}
Miscellaneous
 f - a dusty tome
Comestibles
 e - 5 rations {!d!d}
 q - 4 chunks of flesh


   Skills:
 + Level 1.8 Fighting
 * Level 1.6 Short Blades
 - Level 0.8 Maces & Flails
 - Level 3.5 Dodging
 - Level 5.2 Stealth


You had 3 spell levels left.
You didn't know any spells.
Your spell library was empty.

Dungeon Overview and Level Annotations

Branches:
Dungeon (3/12)

Altars:
Dithmenos
Xom


Innate Abilities, Weirdness & Mutations

You have extremely sharp teeth.
Your natural rate of healing is unusually fast.
Potions cannot restore your health.
You are immune to rotting.
Your bites deal extra damage.


Message History

q - 4 chunks of flesh (gained 3)
You see here a jackal skeleton. x2
You butcher the jackal corpse.
q - 5 chunks of flesh (gained 1)
You see here a jackal skeleton. x2
You see here 171 stones.
Eating one of 5 chunks of flesh.
You eat one of the 5 chunks of flesh.
Found a runed dagger.
r - a scroll of identify {@r1}
Found a scroll of identify.
You see here a runed dagger.
s - a runed dagger Wield which item (- for none, * to show all)? (? for menu, Esc to quit)
It sticks to your hand!
s - a cursed +0 dagger (weapon)
r - 2 scrolls of identify {@r1} (gained 1)
l - 3 scrolls labeled MAREOS IVVUTH (gained 1)
t - a grey potion You now have 129 gold pieces (gained 12).
Okay, then.
Found a stone staircase leading down.
You see here a jackal skeleton.
You see here a jackal skeleton.
A frilled lizard comes into view.
The frilled lizard hisses angrily.
A frilled lizard is nearby!
A frilled lizard is nearby!
A worm comes into view.
An orc priest comes into view. It is wielding a +0 flail.
You have encountered a dangerous foe!
The frilled lizard barely misses you.
A frilled lizard is nearby!
The frilled lizard closely misses you.
You hit the frilled lizard but do no damage.
The frilled lizard barely misses you.
You miss the frilled lizard. The frilled lizard barely misses you.
You hit the frilled lizard.
You kill the frilled lizard!
No target in view!
Found a stone staircase leading up.
The orc priest shouts!
The orc priest mumbles some strange prayers to Beogh against you.
Pain shoots through your body!
Ouch! That really hurt!
* * * LOW HITPOINT WARNING * * *
Okay, then.
The orc priest calls down the wrath of Beogh upon you.
Pain shoots through your body!
Ouch! That really hurt!
You die...

### ##.# # # ..#.#
.#.####o#.##.###########
.w..<..@...............รท
(#......#.##.###....####
#.####.# .. #....# #
######.########....# #
..............##....# #
........#####.##....# #
#. .....##########
#.......# ## #.#.....#
#.......# #.
#.#.....##########
#.......# #.


You could see a worm (wandering) and an orc priest.

Vanquished Creatures
  An adder (D:2)
  4 dart slugs (D:2)
  3 leopard geckos
  A ball python (D:2)
  2 giant cockroaches
  6 goblins
  8 hobgoblins
  7 jackals
  A quokka (D:1)
  3 bats
  4 frilled lizards
  7 kobolds
  5 rats
52 creatures vanquished.

Notes
Turn   | Place    | Note
-------+----------+-------------------------------------------
     0 | D:1      | LostNumber the Vine Stalker Archaeologist began the quest
                  | for the Orb.
     0 | D:1      | Reached XP level 1. HP: 11/11 MP: 2/2
    20 | D:1      | Reached skill level 1 in Fighting
    65 | D:1      | Reached XP level 2. HP: 12/16 MP: 3/3
   690 | D:2      | Reached skill level 1 in Short Blades
   690 | D:2      | Reached XP level 3. HP: 20/20 MP: 4/4
   695 | D:2      | Noticed a phantom
   836 | D:2      | Found a shimmering altar of Xom.
   925 | D:2      | Reached skill level 5 in Stealth
  1028 | D:2      | Found a shadowy altar of Dithmenos.
  1102 | D:2      | Reached XP level 4. HP: 26/26 MP: 5/5
  1743 | D:3      | Killed from afar by an orc priest

Skill      XL: |  1  2  3 |
---------------+----------+-----
Fighting       | 1 |  1.8
Short Blades   | 1 |  1.6
Stealth        | 5 |  5.2
Maces & Flails | |  0.8
Dodging        | |  3.5

Action                   |  1- 3 |  4- 6 || total
-------------------------+-------+-------++-------
Melee: Whip              |    23 |       ||    23
       Bite              |    20 |     7 ||    27
       Dagger            |   158 |    71 ||   229
 Stab: Sleeping          |     7 |     4 ||    11
  Eat: Chunk             |     3 |     6 ||     9
Armor: Robe              |    57 |    32 ||    89
Dodge: Dodged            |   148 |    57 ||   205
